 Dungeon Crawl Stone Soup version 0.30-a0-341-g682706514a (webtiles) character file.

Game seed: 14581816407992008110

16 Asagix the Chopper (level 2, -1/36 HPs)
             Began as a Human Berserker on Nov 5, 2022.
             Was a Follower of Trog.
             Slain by an adder (2 damage)
             ... on level 2 of the Dungeon.
             The game lasted 00:01:47 (631 turns).

Asagix the Chopper (Human Berserker)                 Turns: 631, Time: 00:01:47

Health: -1/36      AC:  2    Str: 17    XL:     2   Next: 75%
Magic:  2/2        EV: 12    Int:  7    God:    Trog [*.....]
Gold:   68         SH:  0    Dex: 18    Spells: 1/1 levels left

rFire   . . .      SeeInvis .    a - +0 hand axe
rCold   . . .      Faith    .    (no shield)
rNeg    . . .      Spirit   .    b - +0 animal skin
rPois   .          Reflect  .    (no helmet)
rElec   .          Harm     .    (no cloak)
rCorr   .          Rampage  .    (no gloves)
Will    .....                    (no boots)
Stlth   ..........               (no amulet)
HPRegen 0.26/turn                f - +6 ring of dexterity
MPRegen 0.08/turn                (no ring)

@: berserking, lethally poisoned (-1 -> -2), very quick
A: no striking features
a: Renounce Religion, Berserk


You were on level 2 of the Dungeon.
You worshipped Trog.
Trog was aware of your devotion.
You visited 1 branch of the dungeon, and saw 2 of its levels.

You collected 68 gold pieces.

Inventory:

Hand Weapons
 a - a +0 hand axe (weapon)
Armour
 b - a +0 animal skin (worn)
Jewellery
 f - a +6 ring of dexterity (left hand)
Potions
 d - a potion of curing
 e - a potion of brilliance {unknown}
 g - a potion of mutation {unknown}


   Skills:
 + Level 3.2 Fighting
 + Level 3.3 Axes
 + Level 2.0 Armour
 + Level 2.2 Dodging
 + Level 0.4 Stealth


You had one spell level left.
You didn't know any spells.
Your spell library was empty.

Dungeon Overview and Level Annotations

Branches:
Dungeon (2/15)

Altars:


Message History

The ball python closely misses you. The ball python grabs you.
The ball python constricts you. The quokka bites you.
You hit the ball python.
You kill the ball python!
Trog accepts your kill.
You hit the quokka but do no damage. The quokka bites you.
You hit the adder but do no damage. You hit the quokka. The adder bites you.
The quokka misses you. The adder closely misses you.
The quokka closely misses you.
You miss the adder. You hit the quokka but do no damage. The adder misses you.
The quokka bites you. The adder bites you but does no damage.
You hit the adder.
The adder is moderately wounded.
You hit the quokka.
You kill the quokka!
Trog accepts your kill. The adder bites you.
You are poisoned.
The adder poisons you! The quokka bites you.
* * * LOW HITPOINT WARNING * * *
You fail to use your ability.
* * * LOW HITPOINT WARNING * * *
You feel sick. The adder closely misses you. The quokka barely misses you.
You closely miss the adder.
The adder is moderately wounded.
You hit the quokka but do no damage.
You feel sick. The adder closely misses you. The quokka bites you.
* * * LOW HITPOINT WARNING * * *
The adder bites you but does no damage.
A red film seems to cover your vision as you go berserk!
You feel yourself moving faster!
You feel mighty!
* * * LOW HITPOINT WARNING * * *
You feel sick. The quokka barely misses you. The adder completely misses you.
The quokka barely misses you.
You hit the adder.
The adder is severely wounded.
You barely miss the quokka.
* * * LOW HITPOINT WARNING * * *
You feel sick. The adder bites you.
You die...

############
#######.#S@......#
#........r#......#
#........K#......#
#.........#......#
..........#......#
..........#......#
.........)#......#
#####.....#..#.#.#
#......#...<#.#


You could see an adder, a quokka and a kobold.

Vanquished Creatures
  A ball python (D:2)
  4 endoplasms
  4 goblins
  A hobgoblin (D:1)
  A quokka (D:2)
  A bat (D:2)
  A rat (D:1)
13 creatures vanquished.

Notes
Turn   | Place    | Note
-------+----------+-------------------------------------------
     0 | D:1      | Asagix the Human Berserker began the quest for the Orb.
     0 | D:1      | Reached XP level 1. HP: 18/18 MP: 1/1
   248 | D:1      | Reached XP level 2. HP: 19/24 MP: 2/2
   631 | D:2      | HP: 1/36 [poisoned by an adder]
   631 | D:2      | Slain by an adder

Illustrated notes

Levels and vault maps discovered:
D:1:      saegor_arrival_miasma, layout_loops_cross,
          chequers_serial_rivers_room_b, nrook_mini_vaults
D:2:      layout_basic, minmay_circle_x, uniq_crazy_yiuf_cottage

Action                   || total
-------------------------++-------
Melee: Hand axe          ||    34
Invok: Berserk           ||     1
  Use: Scroll            ||     2
 Stab: Sleeping          ||     2
Armor: Animal skin       ||     6
Dodge: Dodged            ||    28

Table legend: (Time is in decaauts)
 A = Elapsed time spent in this place.
 B = Non-inter-level travel time spent in this place.
 C = Inter-level travel time spent in this place.
 D = Time resting spent in this place.
 E = Time spent auto-exploring this place.
 F = Levels seen in this place.
 G = Mean time per level.
                   A        B        C        D        E       F      G
               +--------+--------+--------+--------+--------+-----+--------+
         Total |    637 |    607 |     30 |      0 |    484 |   2 |  318.5 |
       Dungeon |    637 |    607 |     30 |      0 |    484 |   2 |  318.5 |
               +--------+--------+--------+--------+--------+-----+--------+

Top non-repeatable levels by time:
     D:1: 567 daAuts
     D:2: 69 daAuts
